cohdb
Replays
Latest Replays
All Replays
Popular Replays
Top Player Replays
Match Explorer
How It Works
Community
CoH3 Stats
Reddit
Sign in to upload your games and track your stats! →
Sign in with Steam
Match 40676271
Unlisted
Match 40676271
Overview
Messages
Build Orders
End
Construct Infanterie Kompanie
Kettenkrad Recon Vehicle
MG 42 Machine Gun Team
MG 42 Machine Gun Team
GrW 34 Mortar Team
Construct Panzergrenadier Kompanie
251 Medium Carrier
Pak 40 Anti-tank Gun Team
Selects Mechanized Battlegroup
Selects Mechanized Battlegroup
Selects Mobile Repair Stations
251 Medium Carrier
251 Medium Carrier
Pak 40 Anti-tank Gun Team
Ecompany1942
普通玩家
Wehrmacht
nobbblyyy
wila
MG22
深入骨髓的恨意
Pavel714
0
0
Comments
sign in to comment!
No comments posted yet!